 Dungeon Crawl Stone Soup version 0.27.1-1-g398f81649c (webtiles) character file.

Game seed: 11367820546435992773

9 Elvor the Sneak (level 2, 0/19 HPs)
             Began as a Gargoyle Delver on Sept 10, 2021.
             Slain by a centaur skeleton (2 damage)
             ... on level 4 of the Dungeon.
             The game lasted 00:06:24 (733 turns).

Elvor the Sneak (Gargoyle Delver)                    Turns: 733, Time: 00:06:24

Health: 0/19       AC:  8    Str: 17    XL:     2   Next: 12%
Magic:  2/2        EV: 11    Int: 10    God:
Gold:   44         SH:  0    Dex: 11    Spells: 1/1 levels left

rFire    . . .     SeeInvis .   a - +0 mace
rCold    x . .     Faith    .   (no shield)
rNeg     + . .     Spirit   .   i - +0 ring mail of Honesty {rElec rPois rC- Str+2}
rPois    ∞         Reflect  .   (no helmet)
rElec    +         Harm     .   (no cloak)
rCorr    .         Rampage  .   j - +0 pair of gloves
Will     .....                  (no boots)
Stlth    ++........             (no amulet)
HPRegen  0.06/turn              (no ring)
MPRegen  0.08/turn              (no ring)

@: no status effects
A: sickness immunity, AC +2, negative energy resistance 1, electricity
resistance, torment resistance 1, petrification resistance
a: no special abilities


You were on level 4 of the Dungeon.
You visited 1 branch of the dungeon, and saw 2 of its levels.

You collected 44 gold pieces.

Inventory:

Hand Weapons
 a - a +0 mace (weapon)
Missiles
 k - 7 sling bullets
 l - 31 stones (quivered)
Armour
 b - a +0 leather armour
 i - the +0 ring mail of Honesty (worn) {rElec rPois rC- Str+2}
   (You found it on level 5 of the Dungeon)

   Str:       It affects your strength (+2).
   rC:        It makes you vulnerable to cold.
   rElec:     It insulates you from electricity.
   rPois:     It protects you from poison.
 j - a +0 pair of gloves (worn)
Wands
 g - a wand of digging (3)
Scrolls
 c - a scroll of fog
 d - a scroll of magic mapping
 e - a scroll of fear
 h - a scroll of identify {unknown}
 m - 2 scrolls of enchant armour {unknown}
Potions
 f - a potion of haste


   Skills:
 + Level 3.4 Fighting
 + Level 2.0 Maces & Flails
 + Level 0.2 Armour
 + Level 1.6 Dodging
 + Level 5.8 Stealth


You had one spell level left.
You didn't know any spells.
Your spell library was empty.

Dungeon Overview and Level Annotations

Branches:
Dungeon (5/15)
 Temple: D:4-7

Altars:
Cheibriados
Qazlal
Uskayaw
Vehumet


Innate Abilities, Weirdness & Mutations

You are immune to sickness and miasma.
Your stone body is resilient. (AC +2)
You are immune to poison.
You resist negative energy. (rN+)
You are resistant to electric shocks. (rElec)
You are resistant to unholy torment.
You are immune to petrification.


Message History

You throw a stone. The stone hits the centaur skeleton.
The centaur skeleton is lightly damaged.
Throw: 32 stones
Press: ? - help, Q - select action Shift-Dir - straight line, f/p - centaur skeleton
Aim: a centaur skeleton (lightly damaged, 98% to hit)
You throw a stone. The stone hits the centaur skeleton.
The centaur skeleton is lightly damaged.
The centaur skeleton closely misses you.
The centaur skeleton misses you.
You hit the centaur skeleton.
The centaur skeleton is moderately damaged.
The centaur skeleton barely misses you.
The centaur skeleton kicks you but does no damage.
The centaur skeleton hits you but does no damage.
The centaur skeleton closely misses you.
You hit the centaur skeleton.
The centaur skeleton is moderately damaged.
The centaur skeleton hits you but does no damage.
The centaur skeleton kicks you but does no damage.
You thump the centaur skeleton!
The centaur skeleton is severely damaged.
The centaur skeleton completely misses you.
The centaur skeleton barely misses you. x2; The centaur skeleton kicks you.
You hit the centaur skeleton but do no damage.
The centaur skeleton is severely damaged.
The centaur skeleton completely misses you.
The centaur skeleton barely misses you. The centaur skeleton hits you.
The centaur skeleton kicks you but does no damage.
You hit the centaur skeleton.
The centaur skeleton is severely damaged.
The centaur skeleton hits you.
* * * LOW HITPOINT WARNING * * *
The centaur skeleton closely misses you.
You hit the centaur skeleton.
The centaur skeleton is almost destroyed.
The centaur skeleton hits you.
* * * LOW HITPOINT WARNING * * *
The centaur skeleton kicks you but does no damage.
The centaur skeleton hits you.
You die...

.#...# #.#.# #..#
##.#..# #.#.# #..#
...#..# #.#.# #..#
####..####.#.#####..#
. ........>........#
# #.........###....#
. #.......### #.####
# #...##### #.# .
...# #@# #.. #Z# ..
#(# ######(# #.Z....#
#.###### #. #. #.


You could see a centaur skeleton.

Vanquished Creatures
  An ufetubus (D:5)
  2 kobolds
  A quokka (D:5)
4 creatures vanquished.

Notes
Turn   | Place    | Note
-------+----------+-------------------------------------------
     0 | D:5      | Elvor the Gargoyle Delver began the quest for the Orb.
     0 | D:5      | Reached XP level 1. HP: 14/14 MP: 1/1
   164 | D:5      | Identified the +0 ring mail of Honesty {rElec rPois rC-
                  | Str+2}
   229 | D:5      | Noticed an iguana
   282 | D:5      | Reached XP level 2. HP: 11/19 MP: 2/2
   514 | D:5      | Found a stormy altar of Qazlal.
   578 | D:5      | Noticed a kobold brigand
   631 | D:4      | Found a snail-covered altar of Cheibriados.
   641 | D:4      | Found a radiant altar of Vehumet.
   684 | D:4      | Found a hide-covered altar of Uskayaw.
   684 | D:4      | Noticed an ogre
   733 | D:4      | Slain by a centaur skeleton

Illustrated notes

Levels and vault maps discovered:
D:4:      layout_loops_ring, mainiacjoe_overflow_large_starburst,
          nicolae_uskayaw_dance_hall, uniq_edmund, uniq_natasha, uniq_sigmund
D:5:      layout_loops_corners, nicolae_qazlal_general_emergency,
          lemuel_mausoleum_altar_kikubaaqudgha, gammafunk_ghost_necromancy

Action                   || total
-------------------------++-------
Melee: Mace              ||    26
Throw: Stone             ||     2
Armor: Ring mail         ||    13
Dodge: Dodged            ||    28
